 Dungeon Crawl Stone Soup version 0.20.0-10-g0535bb4 (webtiles) character file.

136 blackwizard the Ducker (level 4, -1/39 HPs)
             Began as a Troll Air Elementalist on June 5, 2017.
             Slain by a quasit (2 damage)
             ... on level 3 of the Dungeon.
             The game lasted 00:17:45 (2660 turns).

blackwizard the Ducker (Troll Air Elementalist)     Turns: 2660, Time: 00:17:45

Health: -1/39      AC:  5    Str: 17    XL:     4   Next: 98%
Magic:  5/5        EV:  1    Int: 11    God:
Gold:   175        SH:  0    Dex: -6 (10) Spells: 5/6 levels left

rFire    . . .     SeeInvis .   q - +0 mace
rCold    . . .     Gourm    +   (no shield)
rNeg     . . .     Faith    .   a - +0 robe
rPois    +         Spirit   .   (helmet restricted)
rElec    .         Reflect  .   (no cloak)
rCorr    +         Harm     .   (gloves unavailable)
MR       .....                  (boots unavailable)
Stlth    ..........             (no amulet)
Regen    0.6/turn               e - ring of resist corrosion
MPRegen  0.1/turn               y - ring of poison resistance

@: slowed, lost dexterity, very slow
A: unfitting armour, claws 3, fast metabolism 3, gourmand, regeneration 1,
shaggy fur 1, tough skin 2
a: no special abilities


You were on level 3 of the Dungeon.
You were very hungry.

You visited 1 branch of the dungeon, and saw 3 of its levels.

You collected 175 gold pieces.

Inventory:

Hand Weapons
 d - a +0 dagger
 q - a +0 mace (weapon)
 s - a +0 short sword of venom
 z - a cursed -2 war axe
Missiles
 g - 186 stones (quivered)
 j - 21 bolts
 p - a throwing net
 r - 6 large rocks
 w - 11 arrows
 x - 18 poisoned needles
Armour
 a - a +0 robe (worn)
Jewellery
 e - a ring of resist corrosion (left claw)
 v - an uncursed ring of resist corrosion
 y - a ring of poison resistance (right claw)
Wands
 c - a wand of polymorph (12/24)
 u - a wand of confusion (18/48)
Scrolls
 f - a scroll of magic mapping {unknown}
 i - 3 scrolls of identify {unknown}
 k - a scroll of remove curse
 n - a scroll of blinking
 o - a scroll of teleportation {unknown}
Potions
 h - a potion of flight {unknown}
 m - 2 potions of mutation {unknown}
 t - a potion of degeneration {unknown}
Books
 b - a book of Air

   Spells                             Type                      Level
   a - Shock                          Conjuration/Air              1
   b - Swiftness                      Charms/Air                   2
   c - Static Discharge               Conjuration/Air              3
   d - Airstrike                      Air                          4
   e - Lightning Bolt                 Conjuration/Air              5


   Skills:
 + Level 0.2 Fighting
 + Level 0.7 Short Blades
 + Level 1.5 Maces & Flails
 + Level 2.5 Dodging
 + Level 1.2 Stealth
 + Level 1.5 Spellcasting
 + Level 1.2 Conjurations
 + Level 2.3 Air Magic


You had 5 spell levels left.
You knew the following spells:

 Your Spells              Type           Power        Failure   Level  Hunger
a - Shock                 Conj/Air       #...         14%         1    ##.....


Dungeon Overview and Level Annotations

Branches:
Dungeon (3/15)

Altars:
Xom


Innate Abilities, Weirdness & Mutations

You are too large for most types of armour.
You have claws for hands.
Your metabolism is lightning-fast.
You like to eat raw meat.
Your natural rate of healing is unusually fast.
You are covered in fur. (AC +1)
You have very tough skin. (AC +2)


Message History

* * * LOW HITPOINT WARNING * * *
The quasit claws you but does no damage.
The quasit bites you.
* * * LOW HITPOINT WARNING * * *
The quasit claws you but does no damage.
The quasit barely misses you. The quasit bites you.
* * * LOW HITPOINT WARNING * * *
You feel clumsy. The quasit claws you.
* * * LOW HITPOINT WARNING * * *
You feel clumsy.
The quasit claws you but does no damage.
The jackal completely misses you.
The quasit bites you but does no damage.
The quasit claws you but does no damage. x2
The quasit bites you.
* * * LOW HITPOINT WARNING * * *
The quasit claws you.
You die...

#...##....### #...##..#
#####...##..#...#
##.####.##
.......####.###.#
##..##... ####...# #.#
#.# #..##..##
####..####.###.# #.###.#
##....[.......#.###.##..#
..........#.#....##.#..#
#....8...##....5h#.....#
#...8>8..#######@..^^..#
##...8...# #...^_^.#
#........# #...^^^.#
#.......)# #.......#
.!....#### #....#..###
..##### #.##.#..# #.
#...## # ###.# #.#


You could see a quasit and a jackal.

Vanquished Creatures
  Terence (D:2)
  4 adders
  An ooze (D:1)
  2 dart slugs
  A leopard gecko (D:3)
  A ball python (D:1)
  3 giant cockroaches (D:1)
  5 goblins (D:1)
  15 hobgoblins
  3 jackals
  2 quokkas (D:2)
  5 bats
  5 frilled lizards
  6 kobolds
  7 rats
61 creatures vanquished.

Notes
Turn   | Place    | Note
-------+----------+-------------------------------------------
     0 | D:1      | blackwizard the Troll Air Elementalist began the quest for the Orb.
     0 | D:1      | Reached XP level 1. HP: 16/16 MP: 1/1
   466 | D:1      | Reached XP level 2. HP: 24/24 MP: 3/3
  1105 | D:1      | Reached XP level 3. HP: 22/31 MP: 2/4
  1220 | D:1      | Reached skill level 1 in Conjurations
  1909 | D:2      | Reached XP level 4. HP: 34/39 MP: 0/5
  1918 | D:2      | Noticed Terence
  1970 | D:2      | Killed Terence
  1970 | D:2      | Reached skill level 1 in Maces & Flails
  2440 | D:3      | Found a shimmering altar of Xom.
  2646 | D:3      | Lost dexterity.
  2659 | D:3      | HP: 1/39 [quasit (1)]
  2660 | D:3      | Slain by a quasit

Skill      XL: |  1  2  3  4 |
---------------+-------------+-----
Dodging        | 2 |  2.5
Conjurations   | 1 |  1.2
Maces & Flails | 1 |  1.5
Fighting       | |  0.2
Short Blades   | |  0.7
Stealth        | |  1.2
Spellcasting   | |  1.5
Air Magic      | |  2.3

Action                   |  1- 3 |  4- 6 || total
-------------------------+-------+-------++-------
Melee: Dagger            |   111 |       ||   111
       Unarmed           |     3 |       ||     3
       Mace              |    49 |    66 ||   115
 Cast: Shock             |    44 |    31 ||    75
  Use: Scroll            |       |     4 ||     4
 Stab: Sleeping          |     1 |       ||     1
  Eat: Chunk             |     7 |     4 ||    11
       Bread ration      |     2 |     1 ||     3
Armor: Robe              |   133 |   176 ||   309
       Skin              |       |    25 ||    25
Dodge: Dodged            |   173 |   151 ||   324
